 Dungeon Crawl Stone Soup version 0.30-a0-996-ga6910c8ee8 (webtiles) character file.

Game seed: 15809002535036958569

1673 ytrimaz the Grappler (level 8, -2/80 HPs)
             Began as a Troll Transmuter on Apr 4, 2023.
             Was a Believer of Okawaru.
             Slain by an orc
             ... wielding a +0 trident
              (7 damage)
             ... on level 6 of the Dungeon.
             The game lasted 00:06:53 (3926 turns).

ytrimaz the Grappler (Troll Transmuter)             Turns: 3926, Time: 00:06:54

Health: -2/80      AC:  5    Str: 19    XL:     8   Next: 70%
Magic:  8/10       EV: 11    Int: 23    God:    Okawaru [**....]
Gold:   305        SH:  0    Dex: 10    Spells: 6/9 levels left

rFire   . . .      SeeInvis .      - Unarmed
rCold   . . .      Faith    .    (no shield)
rNeg    . . .      Spirit   .    a - +0 robe
rPois   .          Reflect  .    (helmet restricted)
rElec   .          Rampage  .    k - +0 cloak
rCorr   .                        (gloves unavailable)
Will    .....                    (boots unavailable)
Stlth   +++                      (no amulet)
HPRegen 1.13/turn                e - +6 ring of intelligence
MPRegen 0.12/turn                y - +6 ring of intelligence

@: heroic
A: large, unfitting armour, claws 3, regeneration 1, shaggy fur 1, tough skin 1
a: Renounce Religion, Heroism


You were on level 6 of the Dungeon.
You worshipped Okawaru.
Okawaru was pleased with you.
You visited 2 branches of the dungeon, and saw 7 of its levels.

You collected 305 gold pieces.


Innate Abilities, Weirdness & Mutations

You are too large for most types of armour.
You have claws for hands.
Your natural rate of healing is unusually fast.
You are covered in fur. (AC +1)
You have tough skin. (AC +1)


   Skills:
 - Level 5.0(10.0) Fighting
 - Level 1.5(6.5) Dodging
 + Level 8.1(13.1) Unarmed Combat
 - Level 1.2 Spellcasting
 - Level 1.3 Transmutations
 * Level 4.9 Invocations


You had 6 spell levels left.
You knew the following spells:

 Your Spells              Type           Power      Damage    Failure   Level
a - Beastly Appendage     Tmut           14%        N/A       8%          1
b - Wereblood             Tmut           7%         N/A       12%         2

Your spell library contained the following spells:

 Spells                   Type           Power      Damage    Failure   Level
 Foxfire                  Conj/Fire      4%         2x1d4     14%         1
 Spider Form              Tmut/Pois      4%         N/A       30%         3
 Ice Form                 Ice/Tmut       4%         N/A       71%         4
 Fireball                 Conj/Fire      0%         3d3       98%         5
 Plasma Beam              Fire/Air       0%         2x1d11    100%        6
 Starburst                Conj/Fire      0%         6d3       100%        6

Inventory:

Missiles
 m - 3 throwing nets
Armour
 a - a +0 robe (worn)
 k - a +0 cloak (worn)
   (You found it on level 3 of the Dungeon)
Jewellery
 d - a ring of protection from fire
   (You found it on level 1 of the Dungeon)
 e - a +6 ring of intelligence (left claw)
   (You found it on level 1 of the Dungeon)
 y - a +6 ring of intelligence (right claw)
   (You found it on level 6 of the Dungeon)
Wands
 j - a wand of charming (8)
   (You found it on level 2 of the Dungeon)
 A - a wand of flame (7)
   (You found it on level 5 of the Dungeon)
Scrolls
 b - a scroll of fear {unknown}
 n - a scroll of acquirement
 o - a scroll of noise
 p - 3 scrolls of blinking {unknown}
 q - a scroll of magic mapping {unknown}
 s - 2 scrolls of enchant weapon {unknown}
 u - a scroll of amnesia {unknown}
 v - 3 scrolls of fog
Potions
 c - a potion of invisibility {unknown}
 f - 2 potions of attraction
 g - 2 potions of mutation {unknown}
 h - 2 potions of flight
 i - 2 potions of heal wounds
 l - a potion of ambrosia {unknown}
 r - a potion of magic {unknown}
 t - a potion of degeneration {unknown}
 w - a potion of resistance {unknown}
 x - 3 potions of cancellation
 z - a potion of curing {unknown}

Dungeon Overview and Level Annotations

Branches:
Dungeon (6/15) Zot: 26926  Temple (1/1) D:4 Zot: 5817

Altars:
Ashenzari
Cheibriados
Dithmenos
Fedhas
Gozag
Kikubaaqudgha
Makhleb
Nemelex Xobeh
Okawaru
Qazlal
Ru
Sif Muna
Trog
Uskayaw
Vehumet
Wu Jian
Yredelemnul
Zin
The Shining One

Shops:
D:1

( #..##.##..
##.........
#......# #
####..##### .#
#.....# #####.###
#.##..###.......#
#.#....YYoo.....#
#.#.#.###.o.....#
#.....# #@......#
###.### #.......#
#.#.###.......#
#....##.......#
##.#.#.#.....).#
#.........(....#
##...#.........#
##...#........#
#...##..#.....#


You could see a yak and 3 orcs.


Message History

* * * LOW HITPOINT WARNING * * *
The yak closely misses you.
Unknown command. 😨 HP[-1]
You take 1 damage, and now have 29/80 hp.
You barely miss the yak. You claw the yak! The orc hits you with a +0 club.
* * * LOW HITPOINT WARNING * * *
The yak gores you!
* * * LOW HITPOINT WARNING * * *
😱 HP[-17]
You take 17 damage, and now have 12/80 hp.
MASSIVE DAMAGE!! (PAUSE)
You claw the yak!
You kill the yak!
Okawaru accepts your kill.
Unknown command.
Okay, then.
Unknown command.
You feel much better. The orc hits you with a +0 club.
* * * LOW HITPOINT WARNING * * *
😨 HP[+17]
You regained 17 hp, and now have 29/80 hp.
Unknown command.
You scratch the orc. You claw the orc!
You kill the orc!
Okawaru accepts your kill.
The yak gores you but does no damage. 😨 HP[+1] Unknown command.
You scratch the yak. The yak gores you!
* * * LOW HITPOINT WARNING * * *
😨 HP[-9]
You take 9 damage, and now have 21/80 hp.
You mangle the yak!!
An orc comes into view.
It is wielding a +2 flail of protection.
The yak gores you!
* * * LOW HITPOINT WARNING * * *
😱 HP[-6]
You take 6 damage, and now have 15/80 hp.
You closely miss the yak.
Unknown command. 😱 HP[+1]
You claw the yak!
You kill the yak!
Okawaru is honoured by your kill.
Your Invocations skill increases to level 4! 😱 HP[+1] MP[+1] Unknown command.
You mangle the yak!!
The yak barely misses you. 😱 HP[+1] Unknown command.
You scratch the yak. The yak gores you.
* * * LOW HITPOINT WARNING * * *
😱 HP[-1]
You take 1 damage, and now have 17/80 hp.
Unknown command.
You scratch the yak but do no damage. 😱 HP[+1] Unknown command.
You claw the yak!
You kill the yak!
Okawaru accepts your kill.
An orc comes into view. It is wielding a +0 trident.
Your base Unarmed Combat skill increases to level 8!
Unknown command.
Unknown command.
You barely miss the yak. Your claw misses the yak.
The orc hits you with a +2 flail of protection.
* * * LOW HITPOINT WARNING * * *
The yak closely misses you.
Unknown command.
You feel much better.
An orc comes into view. It is wielding a +0 club.
The orc hits you with a +2 flail of protection.
* * * LOW HITPOINT WARNING * * *
The yak gores you!
* * * LOW HITPOINT WARNING * * *
😱 HP[+2]
You regained 2 hp, and now have 20/80 hp.
Unknown command.
Unknown command.
The orc shouts!
You mangle the yak!! The orc barely misses you. The yak gores you.
* * * LOW HITPOINT WARNING * * *
😱 HP[-3]
You take 3 damage, and now have 17/80 hp.
Unknown command.
The yak attacks as you move away! The yak gores you!
* * * LOW HITPOINT WARNING * * *
The orc closely misses you.
The orc hits you with a +2 flail of protection.
* * * LOW HITPOINT WARNING * * *
😱 HP[-11]
You take 11 damage, and now have 6/80 hp.
Unknown command.
The orc attacks as you move away!
The orc hits you with a +2 flail of protection.
* * * LOW HITPOINT WARNING * * *
The orc hits you from afar with a +0 trident!
You die...

Skill      XL: |  1  2  3  4  5  6  7  8 |
---------------+-------------------------+-----
Fighting       | 1 2 3 4 5 |  5.0
Unarmed Combat | 4 5 6 7 8 |  8.1
Invocations    | 1 4 |  4.9
Dodging        | |  1.5
Spellcasting   | |  1.2
Transmutations | |  1.3

Action                     |  1- 3 |  4- 6 |  7- 9 || total
---------------------------+-------+-------+-------++-------
  Melee: Unarmed           |   117 |   107 |   118 ||   342
         Punch             |     3 |     5 |     9 ||    17
 Invoke: Heroism           |       |       |     2 ||     2
    Use: Scroll            |     6 |     3 |     2 ||    11
         Potion            |       |     3 |     2 ||     5
   Stab: Sleeping          |       |     1 |       ||     1
 Armour: Robe              |    44 |    19 |    31 ||    94
         Skin              |       |    22 |       ||    22
  Dodge: Dodged            |    61 |    50 |    56 ||   167

Levels and vault maps discovered:
D:1:      scummos_arrival_forest, layout_basic, serial_shops, shop
D:2:      layout_basic, minmay_3d_cube
D:3:      layout_loops_ring, chequers_serial_rivers_large_a,
          minmay_misc_feat_alley
D:4:      layout_basic, old_standard_altar, nicolae_overflow_crystal_walls,
          minmay_temple_entry_mist
D:5:      layout_loops_ring, uniq_eustachio
D:6:      layout_loops_cross, nicolae_ossuary_entry_plus, eino_tiny_chamber,
          minivault_5, chequers_serial_rivers_small_b,
          guppyfry_early_elven_hall, uniq_pikel
Temple:   nicolae_temple_bog_church

Notes
Turn   | Place    | Note
-------+----------+-------------------------------------------
     0 | D:1      | ytrimaz the Troll Transmuter began the quest for the Orb.
     0 | D:1      | Reached XP level 1. HP: 18/18 MP: 1/1
     0 | D:1      | magus.rc [v1.9.6]
    59 | D:1      | Reached skill level 1 in Fighting
    86 | D:1      | Reached XP level 2. HP: 21/27 MP: 2/2
   293 | D:1      | Reached XP level 3. HP: 32/33 MP: 3/3
   443 | D:1      | Found Angatuid's Weapon Shop.
   574 | D:1      | Reached skill level 4 in Unarmed Combat
  1069 | D:2      | Identified the +1 falchion "Fotacziu" {vamp, rC+ Will+
                  | Int+3}
  1152 | D:2      | Reached skill level 2 in Fighting
  1280 | D:2      | Identified the +6 long sword of the Howling One {pain,
                  | *Corrode rPois rF+}
  1287 | D:2      | Reached XP level 4. HP: 42/42 MP: 4/4
  1497 | D:2      | Identified a scroll of acquirement
  1685 | D:3      | HP: 8/44 [gnoll/+0 flail (6)]
  1690 | D:3      | Reached XP level 5. HP: 10/50 MP: 5/5
  1750 | D:3      | You pick up a book of Fire and begin reading...
  1750 | D:3      | You add the spells Foxfire, Fireball, Plasma Beam and
                  | Starburst to your library.
  2199 | D:4      | Learned a level 2 spell: Wereblood
  2220 | D:4      | Found a snail-covered altar of Cheibriados.
  2278 | D:4      | Found a staircase to the Ecumenical Temple.
  2285 | Temple   | Entered the Ecumenical Temple
  2455 | Temple   | Became a worshipper of Warmaster Okawaru
  2523 | D:4      | Found a broken altar of Ashenzari.
  2564 | D:4      | Noticed a water moccasin
  2566 | D:4      | Reached skill level 3 in Fighting
  2566 | D:4      | Reached skill level 5 in Unarmed Combat
  2576 | D:4      | HP: 10/53 [water moccasin (6)]
  2580 | D:4      | Killed a water moccasin
  2581 | D:4      | Reached XP level 6. HP: 19/61 MP: 6/6
  2983 | D:5      | Entered Level 5 of the Dungeon
  2983 | D:5      | Noticed Eustachio
  2993 | D:4      | HP: 14/56 [Eustachio/+2 rapier of draining (4)]
  3004 | D:4      | Killed Eustachio
  3005 | D:4      | Reached skill level 4 in Fighting
  3005 | D:4      | Reached skill level 6 in Unarmed Combat
  3005 | D:4      | Reached XP level 7. HP: 27/65 MP: 7/7
  3063 | D:4      | Reached * piety under Okawaru
  3414 | D:5      | Reached skill level 5 in Fighting
  3414 | D:5      | Reached skill level 7 in Unarmed Combat
  3516 | D:5      | Reached skill level 1 in Invocations
  3526 | D:5      | Reached XP level 8. HP: 42/80 MP: 5/8
  3529 | D:5      | Reached skill level 2 in Invocations
  3544 | D:5      | Reached ** piety under Okawaru
  3875 | D:6      | Reached skill level 3 in Invocations
  3910 | D:6      | HP: 12/80 [yak (15)]
  3915 | D:6      | HP: 15/80 [yak (7)]
  3918 | D:6      | Reached skill level 4 in Invocations
  3922 | D:6      | Reached skill level 8 in Unarmed Combat
  3922 | D:6      | HP: 18/80 [orc/+2 flail of protection (1)]
  3925 | D:6      | HP: 6/80 [orc/+2 flail of protection (5)]
  3926 | D:6      | Slain by an orc

Vanquished Creatures
  Eustachio (D:4)
  3 yaks (D:6)
  2 water moccasins
  An ice beast (D:6)
  An ogre (D:5)
  A scorpion (D:4)
  2 howler monkeys (D:4)
  2 jellies (D:5)
  A hound (D:3)
  A gnoll bouda (D:5)
  4 orc priests
  2 sleepcaps
  2 orc wizards (D:5)
  10 gnolls
  4 adders
  A white imp (D:6)
  2 dart slugs
  12 orcs
  9 bats
  5 endoplasms
  5 giant cockroaches
  12 goblins
  11 hobgoblins
  5 jackals (D:4)
  6 quokkas
  4 ball pythons
  7 frilled lizards
  3 kobolds
  6 rats
125 creatures vanquished.

Table legend:
 A = Non-vault XP
 B = Vault XP
 C = Vault XP percentage of total XP
 D = Non-vault monster count
 E = Vault monster count
 F = Vault count percentage of total count
                 A         B        C        D         E       F
            +---------+---------+-------+---------+---------+-------
      Total |    2186 |     204 |   8.5 |     122 |       3 |   2.4
            +---------+---------+-------+---------+---------+-------
        D:1 |      72 |       0 |   0.0 |      36 |       0 |   0.0
        D:2 |      23 |       2 |   8.0 |      13 |       2 |  13.3
        D:3 |     128 |       0 |   0.0 |      16 |       0 |   0.0
        D:4 |     467 |     202 |  30.2 |      25 |       1 |   3.8
        D:5 |     741 |       0 |   0.0 |      26 |       0 |   0.0
        D:6 |     755 |       0 |   0.0 |       6 |       0 |   0.0
            +---------+---------+-------+---------+---------+-------

Illustrated notes

Table legend:
 A = Kills in this place as a percentage of kills in the entire game.
 B = Kills by you in this place as a percentage of kills by you in the entire game.
 C = Kills by friends in this place as a percentage of kills by friends in the entire game.
 D = Other kills in this place as a percentage of other kills in the entire game.
 E = Experience gained in this place as a percentage of experience gained in the entire game.
 F = Experience gained in this place divided by the number of levels of this place that you have seen.
                   A       B       C       D       E      F
               +-------+-------+-------+-------+-------+----------------------
         Total | 100.0 | 100.0 |   N/A |   N/A | 100.0 | 341.4
       Dungeon | 100.0 | 100.0 |   N/A |   N/A | 100.0 | 398.3
               +-------+-------+-------+-------+-------+----------------------

Table legend: (Time is in decaauts)
 A = Elapsed time spent in this place.
 B = Non-inter-level travel time spent in this place.
 C = Inter-level travel time spent in this place.
 D = Time resting spent in this place.
 E = Time spent auto-exploring this place.
 F = Levels seen in this place.
 G = Mean time per level.
                   A        B        C        D        E       F      G
               +--------+--------+--------+--------+--------+-----+--------+
         Total |   3890 |   3756 |    134 |     46 |   2872 |   7 |  555.7 |
       Dungeon |   3707 |   3584 |    123 |     46 |   2742 |   6 |  617.8 |
        Temple |    182 |    171 |     11 |      0 |    130 |   1 |  182.0 |
               +--------+--------+--------+--------+--------+-----+--------+

Top non-repeatable levels by time:
     D:1: 934 daAuts
     D:5: 755 daAuts
     D:4: 697 daAuts
     D:3: 657 daAuts
     D:2: 589 daAuts
  Temple: 182 daAuts
     D:6: 72 daAuts
